 Dungeon Crawl Stone Soup version 0.27-a0-1188-g73eefd5def (webtiles) character file.

Game seed: 9879632363291963185

5699 Zonian the Destroyer (level 10, 0/83 HPs)
             Began as a Red Draconian Conjurer on May 20, 2021.
             Was a Follower of Uskayaw.
             Slain by Erolcha
             ... wielding a +2 spectral giant club
              (11 damage)
             ... on level 10 of the Dungeon on May 21, 2021.
             The game lasted 00:35:13 (18071 turns).

Zonian the Destroyer (Red Draconian Conjurer)      Turns: 18071, Time: 00:35:14

Health: 0/83       AC: 18    Str: 10    XL:     10   Next: 48%
Magic:  12/19      EV: 13    Int: 20    God:    Uskayaw [*.....]
Gold:   395        SH:  0    Dex: 11    Spells: 13/21 levels left

rFire    + . .     SeeInvis .   j - +4 dagger (venom)
rCold    . . .     Faith    .   (no shield)
rNeg     . . .     Spirit   .   (armour unavailable)
rPois    .         Reflect  .   (helmet restricted)
rElec    .         Harm     .   (no cloak)
rCorr    .         Rampage  .   C - +1 pair of gloves {Stlth+}
Will     .....                  o - +0 pair of boots
Stlth    ++++......             (no amulet)
HPRegen  0.23/turn              m - +4 ring of protection
MPRegen  0.16/turn              L - +4 ring of protection

@: about to teleport
A: breathe fire, AC +7, unfitting armour, fire resistance 1, cold-blooded
a: Breathe Fire, Renounce Religion, Stomp


You were on level 10 of the Dungeon.
You worshipped Uskayaw.
Uskayaw was noncommittal.
You visited 2 branches of the dungeon, and saw 11 of its levels.
You also visited: Ossuary.

You collected 544 gold pieces.
You spent 149 gold pieces at shops.

Inventory:

Hand Weapons
 a - a +1 long sword of protection
 b - a +0 short sword
 e - a +0 hunting sling
 f - a +0 trident
 g - a +0 hand axe
 j - a +4 dagger of venom (weapon)
 q - a +0 quick blade of freezing
 u - a +5 halberd
 F - a +0 dagger of speed
 I - a +3 scimitar
 J - a +3 scimitar of freezing
Missiles
 d - 2 throwing nets
 w - 14 javelins
 y - 2 curare-tipped darts
Armour
 o - a +0 pair of boots (worn)
 C - a +1 pair of gloves of stealth (worn)
 K - a +2 pair of gloves
Magical Staves
 G - a staff of earth
Jewellery
 h - a ring of fire
 m - a +4 ring of protection (left hand)
 s - a ring of resist corrosion
 L - a +4 ring of protection (right hand)
Wands
 p - a wand of flame (2)
 v - a wand of polymorph (10)
 E - a wand of acid (1)
 H - a wand of charming (6)
Scrolls
 c - a scroll of silence
 i - a scroll of fear
 r - a scroll of amnesia
 z - 2 scrolls of fog
 A - 3 scrolls of teleportation
 D - a scroll of enchant weapon
Potions
 k - 3 potions of heal wounds
 l - 4 potions of curing
 n - a potion of flight
 t - 3 potions of berserk rage
 x - 3 potions of attraction
 B - 2 potions of might
 N - a potion of mutation


   Skills:
 + Level 5.7 Fighting
 + Level 5.3 Short Blades
 + Level 5.5 Dodging
 + Level 5.9 Stealth
 + Level 6.4 Spellcasting
 + Level 8.2 Conjurations
 + Level 3.3 Translocations
 + Level 4.2 Fire Magic


You had 13 spell levels left.
You knew the following spells:

 Your Spells              Type           Power      Damage    Failure   Level
a - Magic Dart            Conj           100%       1d8       1%          1
b - Searing Ray           Conj           78%        3d6       1%          2
c - Conjure Flame         Conj/Fire      31%        6-21      2%          3
d - Blink                 Tloc           N/A        N/A       3%          2

Your spell library contained the following spells:

 Spells                   Type           Power      Damage    Failure   Level
 Dazzling Flash           Conj/Hex       44%        N/A       5%          3
 Sticky Flame             Conj/Fire      31%        2d5       8%          4
 Iskenderun's Mystic Bla  Conj/Tloc      29%        2d7       9%          4
 Sting                    Tmut/Pois      24%        1d4       10%         1
 Mephitic Cloud           Conj/Pois/Air  17%        N/A       10%         3
 Inner Flame              Hex/Fire       15%        N/A       12%         3
 Poisonous Vapours        Pois/Air       12%        N/A       16%         2
 Slow                     Hex            6%         N/A       16%         2
 Sublimation of Blood     Necr           3%         N/A       16%         2
 Wereblood                Tmut           6%         N/A       16%         2
 Ignite Poison            Fire/Tmut/Pois 12%        N/A       17%         3
 Fulminant Prism          Conj/Hex       11%        3d9       19%         4
 Bolt of Magma            Conj/Fire/Erth 11%        4d7       45%         5
 Olgreb's Toxic Radiance  Pois           6%         N/A       69%         4


Dungeon Overview and Level Annotations

Branches:
Dungeon (10/15)            Temple (1/1) D:6             Orc (0/2) D:9
Ossuary (visited)
   Lair: D:8-11

Altars:
Ashenzari
Cheibriados
Dithmenos
Gozag
Kikubaaqudgha
Makhleb
Okawaru
Qazlal
Ru
Sif Muna
Trog
Uskayaw
Vehumet
Wu Jian
Xom
Yredelemnul
Zin
The Shining One
Beogh

Shops:
D:1 ?   D:6 [   D:10 *

Annotations:
D:3 3 runed translucent doors, AtomicRavioli's ghost, amateur DgGl; karkarkar's ghost, amateur MiBe
D:7 2 transporters, 1 runed translucent door, AtomicRavioli's ghost, novice MfGl
D:10 Erolcha


Innate Abilities, Weirdness & Mutations

You can breathe blasts of fire.
Your fiery red scales are hard. (AC +7)
You cannot fit into any form of body armour.
Your flesh is heat resistant. (rF+)
You are cold-blooded and may be slowed by cold attacks.


Message History

Cast which spell? (? or * to list)
Aiming: Searing Ray (safe; 1% risk of failure)
Press: ? - help, Shift-Dir - straight line, f - howler monkey
Aim: a howler monkey (severely wounded, extremely poisoned, catching its breath, 78% to hit)
The searing ray hits the howler monkey!
You kill the howler monkey! (Press . to maintain the ray.) Unknown command.
Unknown command.
You finish channeling your searing ray.
Unknown command.
Something barely misses you.
You closely miss something. Something hits you.
You closely miss something. Something hits you.
You hit something but do no damage. You hit something but do no damage.
Something hits you!
You hit something.
Your tail-slap misses something.
Something hits you!
You hit something. Something hits you!
Unknown command.
You hit something. You hit something. Something completely misses you.
You hit something. You tail-slap something. Something hits you!
* * * LOW HITPOINT WARNING * * *
Unknown command.
Casting: Searing Ray (safe; 1% risk of failure)
Confirm with . or Enter, or press ? or * to list all spells.
You blink.
Press: ? - help, Shift-Dir - straight line
Okay, then.
As you read the scroll of teleportation, it crumbles to dust.
You feel strangely unstable.
You hear a zap.
An iceblast appears from out of thin air!
The mass of ice explodes!
The iceblast engulfs you!
* * * LOW HITPOINT WARNING * * *
You hear a bellow!
Casting: Blink (safe; 3% risk of failure)
Confirm with . or Enter, or press ? or * to list all spells.
You blink.
Something hits you!
You die...

#....#####.#
#.......##.#
######....##.##.##
#.......#.##.##[..
#.#######..[....##
#.# ####......
####.#### ####.##
#....{.ยง# #.##
#.##@##.# #... #
#.##.# ......#
#.##.# ...##.#
#.##.# .. #>#
.#...# # ...# #.##


There were no monsters in sight!

Vanquished Creatures
  A two-headed ogre (D:9)
  A centaur zombie (D:10)
  A troll (D:10)
  Grinder (D:4)
  A yak (D:9)
  A wyvern (D:9)
  An acid dragon (D:10)
  2 water moccasins
  An ice beast (D:6)
  An orc warrior (D:8)
  A black bear (D:5)
  3 ogres
  2 centaurs
  A phantom (D:5)
  4 kobold brigands
  4 bullfrogs
  A gnoll sergeant (D:9)
  7 water moccasin zombies (Ossuary)
  A scorpion (D:6)
  8 wights
  6 killer bees (D:8)
  3 electric eels (D:9)
  2 howler monkeys
  4 bullfrog zombies
  5 hounds
  A centaur skeleton (D:4)
  A jelly (D:7)
  An orc priest (D:4)
  2 bullfrog skeletons
  Jessica (D:3)
  2 iguanas (D:6)
  Natasha (thrice) (D:4)
  4 orc wizards
  A scorpion zombie (D:5)
  2 mummies (Ossuary)
  Robin (D:3)
  21 gnolls
  8 adders
  A white imp (D:7)
  An ufetubus (D:4)
  3 adder zombies (Ossuary)
  A worm (D:2)
  3 dart slugs
  13 orcs
  3 ball pythons
  4 bats
  6 endoplasms
  2 giant cockroaches
  16 goblins
  11 hobgoblins
  14 jackals
  26 kobolds
  5 quokkas
  A frilled lizard (D:3)
  4 hobgoblin zombies (Ossuary)
  A jackal skeleton (D:4)
  2 kobold zombies (Ossuary)
  5 orc zombies (Ossuary)
  6 rats
239 creatures vanquished.

Vanquished Creatures (others)
  A yak (D:10)
  67 plants
  6 withered plants (D:3)
74 creatures vanquished.

Grand Total: 313 creatures vanquished

Notes
Turn   | Place    | Note
-------+----------+-------------------------------------------
     0 | D:1      | Zonian the Draconian Conjurer began the quest for the Orb.
     0 | D:1      | Reached XP level 1. HP: 14/14 MP: 3/3
   472 | D:1      | Found Peolirgh's Magic Scroll Boutique.
   590 | D:1      | Reached XP level 2. HP: 18/20 MP: 0/5
  1400 | D:2      | Reached XP level 3. HP: 19/26 MP: 3/6
  2528 | D:2      | Learned a level 2 spell: Searing Ray
  2544 | D:2      | Reached skill level 5 in Conjurations
  2544 | D:2      | Reached XP level 4. HP: 20/34 MP: 3/7
  3018 | D:3      | Noticed Robin
  4165 | D:3      | Killed Robin
  4672 | D:3      | Reached skill level 1 in Fighting
  4672 | D:3      | Reached skill level 1 in Short Blades
  5032 | D:3      | Reached XP level 5. HP: 40/40 MP: 4/8
  5944 | D:3      | Found a runed translucent gate.
  5944 | D:3      | Found a runed translucent gate.
  5944 | D:3      | Found a runed translucent gate.
  5945 | D:3      | Noticed karkarkar's ghost (amateur MiBe)
  5945 | D:3      | Noticed AtomicRavioli's ghost (amateur DgGl)
  6333 | D:3      | Noticed Jessica
  6338 | D:3      | Killed Jessica
  6708 | D:4      | Noticed Grinder
  6848 | D:3      | Noticed an ogre
  6858 | D:3      | Killed an ogre
  6859 | D:3      | Reached XP level 6. HP: 47/48 MP: 1/10
  8723 | D:4      | Noticed Natasha
  8736 | D:4      | Killed Natasha
  8737 | D:4      | Your scales start taking on a fiery red colour.
  8737 | D:4      | Reached XP level 7. HP: 37/53 MP: 4/12
  8737 | D:4      | Gained mutation: Your flesh is heat resistant. (rF+) [Red
                  | Draconian growth]
  9126 | D:4      | Reached skill level 6 in Conjurations
  9143 | D:4      | Paralysed by Grinder for 7 turns
  9150 | D:4      | Killed Grinder
  9234 | D:4      | Noticed Natasha
  9238 | D:4      | Killed Natasha
  9781 | D:4      | Noticed Natasha
  9804 | D:4      | Killed Natasha
  9913 | D:4      | Identified the Catalogue of the Volcanoes
  9940 | D:4      | Learned a level 3 spell: Conjure Flame
  9971 | D:5      | Entered Level 5 of the Dungeon
 10145 | D:5      | Reached XP level 8. HP: 58/62 MP: 15/15
 10440 | D:5      | Found a shadowy altar of Dithmenos.
 10515 | D:5      | Reached skill level 5 in Spellcasting
 10885 | D:6      | Reached skill level 7 in Conjurations
 11052 | D:6      | Found a staircase to the Ecumenical Temple.
 11127 | D:6      | Found a sand-covered staircase.
 11148 | Ossuary  | Entered an ossuary
 11718 | Ossuary  | Reached XP level 9. HP: 49/71 MP: 17/17
 12338 | D:6      | Reached skill level 1 in Fire Magic
 12501 | D:6      | Found Deimniy's Armour Boutique.
 12509 | D:6      | Bought a +0 pair of gloves of stealth for 149 gold pieces
 12534 | Temple   | Entered the Ecumenical Temple
 12848 | D:6      | Identified a scroll of acquirement
 12848 | D:6      | Acquired A Primer on Witchery
 12853 | D:6      | Learned a level 2 spell: Blink
 13101 | D:7      | Noticed a two-headed ogre
 13144 | D:7      | Found a glowing golden altar of the Shining One.
 13419 | D:7      | Found a transporter.
 13419 | D:7      | Found a transporter.
 13936 | D:7      | Reached skill level 5 in Stealth
 13936 | D:7      | Reached skill level 1 in Translocations
 13941 | D:7      | Noticed a two-headed ogre
 14103 | D:7      | Found a runed translucent door.
 14103 | D:7      | Noticed AtomicRavioli's ghost (novice MfGl)
 14677 | Temple   | Became a worshipper of Uskayaw the Reveller
 14837 | D:8      | Reached * piety under Uskayaw
 14851 | D:8      | Reached ** piety under Uskayaw
 14853 | D:8      | Reached *** piety under Uskayaw
 14862 | D:8      | Reached **** piety under Uskayaw
 14903 | D:8      | Found a broken altar of Ashenzari.
 15151 | D:8      | Reached ***** piety under Uskayaw
 15411 | D:8      | Reached skill level 5 in Dodging
 15421 | D:8      | Reached skill level 5 in Fighting
 15993 | D:9      | Found a staircase to the Orcish Mines.
 16128 | D:9      | Noticed a two-headed ogre
 16136 | D:9      | Reached XP level 10. HP: 72/81 MP: 13/19
 16136 | D:9      | Killed a two-headed ogre
 16137 | D:9      | Reached skill level 5 in Short Blades
 16137 | D:9      | Reached skill level 8 in Conjurations
 17349 | D:10     | Entered Level 10 of the Dungeon
 17349 | D:10     | Found Mutozuaz's Demolitions Depot.
 18048 | D:10     | Noticed Erolcha
 18071 | D:10     | Slain by Erolcha

Illustrated notes

Levels and vault maps discovered:
D:1:      zaba_arrival_water, layout_basic, serial_shops, shop_scrolls,
          hangedman_glass_teeth, minmay_misc_feat_nine_boxes
D:2:      layout_loops_ring, hangedman_feature_mirror, chequers_mini_garden
D:3:      layout_basic, gammafunk_ghost_cemetery, kennysheep_doodads,
          grunt_ministairs_7, minmay_surrounded, uniq_jessica, uniq_robin
D:4:      kennysheep_big_flooded_room, layout_basic, kennysheep_boxes,
          uniq_grinder, uniq_natasha
D:5:      layout_cave_pools, grunt_dithmenos_smoke
D:6:      layout_cave_pools, minmay_temple_entry_large_hall, enter_ossuary_5,
          serial_shops, shop_fountains
D:7:      gammafunk_beogh_shrine, layout_gridville, tso_metal_star,
          hellmonk_ghost_happy_afterlife, kennysheep_decorative_pillar
D:8:      layout_gridville, ashenzari_altar_1, serial_bayou_crossing
D:9:      layout_cave_pools, orc_0_dummy, chequers_big_river
D:10:     layout_loops_cross, grunt_temple_overflow_open, nicolae_blasting_shop,
          blue_anna_alchemist, uniq_erolcha
Temple:   regret_index_temple_generic_petals

Skill      XL: |  1  2  3  4  5  6  7  8  9 10 |
---------------+-------------------------------+-----
Stealth        | 2 3 4 5 |  5.9
Dodging        | 2 3 4 5 |  5.5
Conjurations   | 5 6 7 8 |  8.2
Fighting       | 1 2 4 5 |  5.7
Short Blades   | 1 2 3 4 5 |  5.3
Spellcasting   | 3 4 5 6 |  6.4
Fire Magic     | 3 4 |  4.2
Translocations | 2 3 |  3.3

Action                   |  1- 3 |  4- 6 |  7- 9 | 10-12 || total
-------------------------+-------+-------+-------+-------++-------
Melee: Unarmed           |     9 |       |       |       ||     9
       Tailslap          |     5 |     4 |    30 |    11 ||    50
       Short sword       |    40 |    25 |       |       ||    65
       Dagger            |       |    26 |   372 |    84 ||   482
 Cast: Magic Dart        |    63 |   109 |   177 |    20 ||   369
       Searing Ray       |       |    11 |    12 |     3 ||    26
       Blink             |       |       |       |     3 ||     3
 Abil: Breathe Fire      |       |       |     4 |     1 ||     5
Evoke: Wand              |       |       |     2 |     4 ||     6
  Use: Scroll            |     1 |     9 |     8 |     6 ||    24
       Potion            |       |     1 |       |       ||     1
 Stab: Sleeping          |     1 |       |     5 |       ||     6
       Paralysed         |       |       |     5 |     2 ||     7
Armor: Skin              |    25 |    27 |   177 |    61 ||   290
Dodge: Dodged            |    46 |    43 |   263 |    69 ||   421

Table legend: (Time is in decaauts)
 A = Elapsed time spent in this place.
 B = Non-inter-level travel time spent in this place.
 C = Inter-level travel time spent in this place.
 D = Time resting spent in this place.
 E = Time spent auto-exploring this place.
 F = Levels seen in this place.
 G = Mean time per level.
                   A        B        C        D        E       F      G
               +--------+--------+--------+--------+--------+-----+--------+
         Total |  18040 |  17442 |    598 |   8801 |   6025 |  12 | 1503.3 |
       Dungeon |  16630 |  16091 |    539 |   8005 |   5806 |  10 | 1663.0 |
        Temple |    381 |    322 |     59 |      0 |    219 |   1 |  381.0 |
       Ossuary |   1029 |   1029 |      0 |    796 |      0 |   1 | 1029.0 |
               +--------+--------+--------+--------+--------+-----+--------+

Top non-repeatable levels by time:
     D:3: 3205 daAuts
     D:2: 2851 daAuts
     D:4: 2624 daAuts
     D:9: 1554 daAuts
     D:7: 1448 daAuts
     D:8: 1310 daAuts
     D:1: 1304 daAuts
 Ossuary: 1029 daAuts
     D:6: 917 daAuts
     D:5: 895 daAuts
    D:10: 518 daAuts
  Temple: 381 daAuts
